 Dungeon Crawl Stone Soup version 0.29.1-15-g9cfb28693d (webtiles) character file.

Game seed: 9318363609304179374

17601 Eitelfritz the Severer (level 12, -14/159 HPs)
             Began as a Hill Orc Fighter on Apr 1, 2023.
             Was the Champion of Zin.
             Demolished by Rupert
             ... wielding a +2 great mace of protection
              (15 damage)
             ... on level 12 of the Dungeon.
             The game lasted 00:26:31 (13579 turns).

Eitelfritz the Severer (Hill Orc Fighter)          Turns: 13579, Time: 00:26:31

Health: -14/159    AC: 21    Str: 28    XL:     12   Next: 49%
Magic:  19/19      EV: 10    Int: 10    God:    Zin [******]
Gold:   658        SH: 15    Dex: 10    Spells: 11/11 levels left

rFire   . . .      SeeInvis .   a - +4 war axe (freeze)
rCold   . . .      Faith    .   M - +0 kite shield
rNeg    . . .      Spirit   .   P - +0 swamp dragon scales
rPois   +          Reflect  +   o - +0 helmet
rElec   .          Harm     .   f - +0 cloak
rCorr   .          Rampage  .   c - +0 pair of gloves
Will    .....                   z - +2 pair of boots
Stlth   ..........              t - amulet of reflection
HPRegen 0.36/turn               r - +6 ring of strength
MPRegen 0.16/turn               l - +4 ring of protection

@: berserking, on recite cooldown, very quick
A: no striking features
a: Renounce Religion, Recite, Vitalisation, Imprison, Sanctuary, Donate Gold


You were on level 12 of the Dungeon.
You worshipped Zin.
Zin was exalted by your worship.
You visited 2 branches of the dungeon, and saw 13 of its levels.
You also visited: Ossuary.

You collected 984 gold pieces.
You spent 228 gold pieces at shops.
You donated 98 gold pieces to Zin.

Inventory:

Hand Weapons
 a - a +4 war axe of freezing (weapon)
 b - a +0 sling
 e - a +2 war axe of venom
 C - a +0 morningstar
 O - a +2 scimitar of flaming
Missiles
 G - 26 poisoned darts (quivered)
Armour
 c - a +0 pair of gloves (worn)
 f - a +0 cloak (worn)
 o - a +0 helmet (worn)
 z - a +2 pair of boots (worn)
 M - a +0 kite shield (worn)
 P - +0 swamp dragon scales (worn)
Jewellery
 h - a ring of magical power
 l - a +4 ring of protection (right hand)
 m - an amulet of guardian spirit
 r - a +6 ring of strength (left hand)
 t - an amulet of reflection (around neck)
 y - a ring of positive energy
 Q - a ring of willpower
Wands
 q - a wand of flame (20)
 B - a wand of digging (11)
 F - a wand of charming (9)
 I - a wand of roots (2)
 R - a wand of mindburst (7)
Scrolls
 n - 4 scrolls of identify
 u - 3 scrolls of teleportation
 w - a scroll of fog
 A - 2 scrolls of amnesia
 D - a scroll of magic mapping
 H - 2 scrolls of fear
 L - a scroll of poison
 S - a scroll of summoning {unknown}
Potions
 d - 3 potions of might
 g - a potion of flight
 i - 3 potions of invisibility
 j - 7 potions of curing
 k - 5 potions of mutation
 p - 3 potions of heal wounds
 s - a potion of resistance
 v - a potion of brilliance
 x - 4 potions of ambrosia
 E - a potion of cancellation
 K - a potion of magic
Miscellaneous
 J - a phial of floods


   Skills:
 + Level 9.7 Fighting
 + Level 15.6 Axes
 + Level 8.7 Armour
 + Level 2.7 Dodging
 + Level 2.6 Stealth
 + Level 10.4 Shields
 * Level 9.6 Invocations


You had 11 spell levels left.
You didn't know any spells.
Your spell library contained the following spells:

 Spells                   Type           Power      Damage    Failure   Level
 Slow                     Hex            0%         N/A       75%         1
 Confusing Touch          Hex            0%         N/A       98%         3
 Conjure Flame            Conj/Fire      0%         6-21      98%         3
 Dazzling Flash           Conj/Hex       0%         N/A       98%         3
 Gell's Gravitas          Tloc           0%         N/A       98%         3
 Ignite Poison            Fire/Tmut/Pois 0%         N/A       98%         3
 Teleport Other           Tloc           0%         N/A       98%         3
 Vampiric Draining        Necr           0%         2d6       98%         3
 Hailstorm                Conj/Ice       0%         3d3       100%        4
 Ice Form                 Ice/Tmut       0%         N/A       100%        4
 Sticky Flame             Conj/Fire      0%         2d3       100%        4
 Agony                    Necr           0%         N/A       100%        5
 Silence                  Hex/Air        0%         N/A       100%        5
 Dispersal                Tloc           0%         N/A       100%        6
 Simulacrum               Ice/Necr       0%         N/A       100%        6


Dungeon Overview and Level Annotations

Branches:
Dungeon (12/15)            Temple (1/1) D:4            Lair (0/5) D:10
    Orc (0/2) D:11        Ossuary (visited)

Altars:
Ashenzari
Cheibriados
Dithmenos
Elyvilon
Fedhas
Gozag
Hepliaklqana
Kikubaaqudgha
Makhleb
Nemelex Xobeh
Okawaru
Qazlal
Ru
Sif Muna
Trog
Uskayaw
Vehumet
Wu Jian
Xom
Yredelemnul
Zin
The Shining One

Shops:
D:6 [*?(   D:10 *

Annotations:
D:9 2 transporters
D:12 Rupert


Message History

The stone arrow hits you but does no damage.
You slash Rupert! You freeze Rupert.
Rupert is moderately wounded.
You hit the gargoyle but do no damage. You barely miss something.
You block Rupert's attack. The gargoyle closely misses you.
You block something's attack. x2
Rupert hits you with a +2 great mace of protection!!
* * * LOW HITPOINT WARNING * * *
Unknown command.
A red film seems to cover your vision as you go berserk!
You feel yourself moving faster!
You feel mighty! You block Rupert's attack. You block the gargoyle's attack.
Something hits you.
* * * LOW HITPOINT WARNING * * *
Something bites you but does no damage.
You barely miss Rupert.
Rupert is moderately wounded.
You slice the gargoyle!! You freeze the gargoyle!
You destroy the gargoyle!
You closely miss something. You block Rupert's attack. Something hits you.
* * * LOW HITPOINT WARNING * * *
You block something's attack.
You hit Rupert. You freeze Rupert.
Rupert is moderately wounded.
You slash something! You freeze something. You block Rupert's attack.
You closely miss Rupert.
Rupert is moderately wounded.
You closely miss something. Something hits you.
* * * LOW HITPOINT WARNING * * *
You block something's attack.
Rupert hits you with a +2 great mace of protection!!
* * * LOW HITPOINT WARNING * * *
You hit Rupert. You freeze Rupert.
Rupert is moderately wounded.
You barely miss something.
Unknown command.
You slash Rupert! You freeze Rupert.
Rupert is moderately wounded.
You hit something.
Rupert hits you with a +2 great mace of protection!
You die...

.# ##..# # ##.##
#..# ##.# #.# #
##.# ..!
#..#######....
##.##..$)......
#......@@......
#.......#.......
#...########......
....# ####.. #....
# ####


You could see Rupert (berserk).

Vanquished Creatures
  3 two-headed ogres
  The ghost of SharpKris the Covert, a journeyman SpFE of Vehumet (D:10)
  The ghost of u553311 the Trooper, a novice OgGl (D:5)
  2 manticores
  The ghost of zalupaa the Skirmisher, a novice GnHu of Hepliaklqana (D:5)
  A gargoyle (D:12)
  Maggie (D:10)
  An unseen horror (D:10)
  2 komodo dragons
  The ghost of mistmaker the Gusty, a novice TeAE (D:5)
  3 trolls
  2 tyrant leeches (D:11)
  A slime creature (D:7)
  2 vampires (D:11)
  18 yaks
  4 wraiths
  A basilisk (D:12)
  6 steam dragons
  4 vampire mosquitoes (D:11)
  2 water moccasins
  8 orc warriors
  A sky beast (D:7)
  2 ice beasts
  A black bear (D:7)
  2 ogres (D:7)
  10 centaurs
  2 kobold brigands
  A gnoll sergeant (D:9)
  3 bullfrogs
  17 scorpions
  A wight (D:7)
  22 killer bees
  2 howler monkeys
  4 centaur zombies (Ossuary)
  8 orc priests
  2 hounds
  A human zombie (Ossuary)
  A gnoll bouda (D:4)
  Jessica (D:2)
  An iguana (D:7)
  Natasha (thrice) (D:2)
  15 orc wizards
  4 scorpion zombies (Ossuary)
  Terence (D:2)
  3 mummies (Ossuary)
  8 adders
  9 gnolls
  A shadow imp (D:6)
  3 white imps
  An ufetubus (D:7)
  2 worms
  3 dart slugs
  49 orcs
  6 ball pythons
  9 endoplasms
  4 giant cockroaches
  8 goblins
  10 hobgoblins
  7 jackals
  16 kobolds
  3 quokkas
  12 bats
  6 frilled lizards
  2 gnoll zombies (Ossuary)
  3 goblin zombies (Ossuary)
  2 hobgoblin zombies (Ossuary)
  2 kobold zombies (Ossuary)
  10 rats
349 creatures vanquished.

Vanquished Creatures (others)
  13 fungi (D:10)
  18 plants
31 creatures vanquished.

Grand Total: 380 creatures vanquished

Notes
Turn   | Place    | Note
-------+----------+-------------------------------------------
     0 | D:1      | Eitelfritz the Hill Orc Fighter began the quest for the
                  | Orb.
     0 | D:1      | Reached XP level 1. HP: 19/19 MP: 1/1
   160 | D:1      | Reached XP level 2. HP: 27/27 MP: 2/2
   278 | D:1      | Reached skill level 3 in Axes
   439 | D:1      | Reached XP level 3. HP: 13/33 MP: 3/3
   963 | D:1      | Found a faded altar of an unknown god.
  1127 | D:2      | Noticed Terence
  1131 | D:2      | Reached skill level 4 in Axes
  1135 | D:2      | Killed Terence
  1136 | D:2      | Reached XP level 4. HP: 36/40 MP: 4/4
  1523 | D:2      | Noticed Natasha
  1534 | D:2      | Killed Natasha
  1535 | D:2      | Reached XP level 5. HP: 31/47 MP: 5/5
  1545 | D:2      | Noticed Natasha
  1549 | D:2      | Killed Natasha
  1550 | D:2      | Reached skill level 5 in Axes
  2105 | D:2      | Noticed Natasha
  2116 | D:2      | Killed Natasha
  2274 | D:2      | Found a white marble altar of Elyvilon.
  2434 | D:2      | Noticed Jessica
  2437 | D:2      | Killed Jessica
  2438 | D:2      | Reached XP level 6. HP: 51/55 MP: 6/6
  2567 | D:3      | Noticed a water moccasin
  2584 | D:3      | Killed a water moccasin
  2585 | D:3      | Reached skill level 5 in Fighting
  2872 | D:3      | Reached skill level 6 in Axes
  3169 | D:2      | Reached skill level 5 in Armour
  3992 | D:4      | Reached XP level 7. HP: 61/61 MP: 7/7
  4023 | D:4      | Found a staircase to the Ecumenical Temple.
  4138 | D:4      | Found a sand-covered staircase.
  4143 | Ossuary  | Entered an ossuary
  4190 | Ossuary  | Reached skill level 7 in Axes
  4232 | Ossuary  | Reached skill level 8 in Axes
  4232 | Ossuary  | Reached XP level 8. HP: 66/69 MP: 8/8
  4294 | Ossuary  | Reached skill level 5 in Shields
  4504 | Ossuary  | Reached skill level 9 in Axes
  4908 | Temple   | Entered the Ecumenical Temple
  5099 | Temple   | Became a worshipper of Zin the Law-Giver
  5099 | Temple   | Reached * piety under Zin
  5277 | D:5      | Entered Level 5 of the Dungeon
  5462 | D:5      | Reached ** piety under Zin
  5480 | D:5      | Found a runed translucent gate.
  5480 | D:5      | Found a runed translucent gate.
  5480 | D:5      | Found a runed translucent gate.
  5482 | D:5      | Noticed u553311's ghost (novice OgGl)
  5482 | D:5      | Noticed zalupaa's ghost (novice GnHu)
  5482 | D:5      | Noticed mistmaker's ghost (novice TeAE)
  5511 | D:5      | Reached skill level 10 in Axes
  5516 | D:5      | Reached skill level 1 in Invocations
  5948 | D:6      | Found Wexazxuf's Weapon Emporium.
  6006 | D:6      | Found Hac Juir's Assorted Antiques.
  6027 | D:6      | Reached XP level 9. HP: 67/78 MP: 10/10
  6274 | D:6      | Found Zogosas's Magic Scroll Boutique.
  6281 | D:6      | Found Caolur's Armour Boutique.
  6288 | D:6      | Identified the +5 rapier of Tanomefem {pain, SInv}
  6301 | D:6      | Bought a +0 chain mail of poison resistance for 102 gold
                  | pieces
  6450 | D:6      | Reached *** piety under Zin
  6789 | D:7      | Noticed a two-headed ogre
  6811 | D:7      | Killed a two-headed ogre
  6812 | D:7      | Reached skill level 11 in Axes
  6850 | D:7      | Reached skill level 5 in Invocations
  6850 | D:7      | Reached XP level 10. HP: 37/86 MP: 13/13
  6857 | D:7      | Reached skill level 1 in Stealth
  6898 | D:7      | Reached skill level 1 in Dodging
  7323 | D:7      | Reached skill level 12 in Axes
  7394 | D:7      | Reached **** piety under Zin
  7757 | D:7      | You fall into a shaft and drop 2 floors!
  8936 | D:8      | Reached skill level 13 in Axes
  9151 | D:8      | Identified the +1 ring mail "Hoxtonel" {rF+ Str+3 Dex+3}
  9459 | D:6      | Bought a +0 helmet for 54 gold pieces
  9583 | D:5      | Killed u553311's ghost
  9584 | D:5      | Killed zalupaa's ghost
  9585 | D:5      | Reached XP level 11. HP: 68/94 MP: 16/16
  9586 | D:5      | Killed mistmaker's ghost
  9882 | D:9      | Found a transporter.
  9883 | D:9      | Noticed a manticore
 10003 | D:9      | Noticed a centaur warrior
 10004 | D:9      | Found a transporter.
 10011 | D:9      | Found a snail-covered altar of Cheibriados.
 10553 | D:9      | Reached skill level 14 in Axes
 10921 | D:10     | Entered Level 10 of the Dungeon
 11021 | D:10     | Reached ***** piety under Zin
 11083 | D:10     | Noticed a two-headed ogre
 11101 | D:10     | Killed a two-headed ogre
 11314 | D:10     | Noticed Maggie
 11327 | D:10     | Killed Maggie
 11424 | D:10     | Found a runed translucent gate.
 11424 | D:10     | Found a runed translucent gate.
 11424 | D:10     | Found a runed translucent gate.
 11426 | D:10     | Found an opulent altar of Gozag.
 11426 | D:10     | Found Ucine's Assorted Antiques.
 11428 | D:10     | Noticed SharpKris's ghost (journeyman SpFE)
 11428 | D:10     | Noticed a manticore
 11531 | D:10     | Noticed a two-headed ogre
 11542 | D:10     | Killed a two-headed ogre
 11566 | D:10     | Found a staircase to the Lair.
 11775 | D:10     | Killed a manticore
 11781 | D:10     | Killed SharpKris's ghost
 11782 | D:10     | Reached XP level 12. HP: 28/104 MP: 18/18
 11785 | D:10     | Reached skill level 15 in Axes
 12125 | D:10     | Bought 2 black potions for 46 gold pieces
 12125 | D:10     | Bought a scroll labelled MEZYSUT KIMOROMAF for 26 gold
                  | pieces
 12148 | D:10     | Reached ****** piety under Zin
 12261 | D:11     | Found a staircase to the Orcish Mines.
 12311 | D:11     | Reached skill level 10 in Shields
 12679 | D:11     | Found the +8 Vampire's Tooth {vamp}
 13556 | D:12     | Noticed Rupert
 13557 | D:12     | Paralysed by Rupert for 3 turns
 13577 | D:12     | HP: 1/159 [Rupert/+2 great mace of protection (26)]
 13579 | D:12     | Demolished by Rupert

Illustrated notes

Levels and vault maps discovered:
D:1:      dpeg_arrival_pits, layout_basic, chequers_ecumenical_altar_lobes,
          solitary_fountain, minivault_5
D:2:      minmay_alternating_diamond, layout_rooms, basic_altar,
          minmay_surrounded, uniq_jessica, uniq_natasha, uniq_terence
D:3:      minmay_inner_zag, layout_loops_cross
D:4:      layout_rooms, temple_statues, enter_ossuary_2
D:5:      layout_gridville, gammafunk_ghost_cemetery
D:6:      layout_loops_ring, serial_shops, nicolae_lakefront_shop,
          nicolae_diamond_shop, shop, nicolae_take_the_stairs
D:7:      layout_layer_cave, minmay_shattered_shrine
D:8:      layout_cave_pods
D:9:      layout_loops_cross, gammafunk_temple_overflow_arena,
          grunt_ministairs_2, minmay_puff
D:10:     layout_long_grid, grunt_lair_entry_orc_guard_hut, ebering_ghost_gozag,
          kennysheep_flooded_box, uniq_maggie
D:11:     layout_cave_pools, orc_0_dummy, minmay_guarded_unrand_vampires_tooth
D:12:     minmay_textured_paths, layout_cave_pods, ebering_ghost_rock_garden,
          grunt_decor_junction, minmay_checkered_concentric_circles, uniq_rupert
Temple:   roderic_octagonal_lattice_temple

Skill      XL: |  1  2  3  4  5  6  7  8  9 10 11 12 |
---------------+-------------------------------------+-----
Axes           | 3 4 5 6 8 10 11 13 14 15 | 15.6
Fighting       | 4 5 6 7 8 9 |  9.7
Armour         | 4 5 6 7 8 |  8.7
Shields        | 4 5 7 8 9 10 | 10.4
Invocations    | 1 5 7 8 9 |  9.6
Stealth        | 1 2 |  2.6
Dodging        | 1 2 |  2.7

Action                   |  1- 3 |  4- 6 |  7- 9 | 10-12 || total
-------------------------+-------+-------+-------+-------++-------
Melee: War axe           |    75 |   185 |   321 |   453 ||  1034
Invok: Recite            |       |       |     2 |    15 ||    17
  Use: Scroll            |       |    12 |    12 |    10 ||    34
       Potion            |       |       |       |     2 ||     2
 Stab: Invisible         |       |       |     2 |     2 ||     4
       Paralysed         |       |       |       |     5 ||     5
       Confused          |       |       |       |     3 ||     3
Armor: Scale mail        |    36 |     1 |       |       ||    37
       Chain mail        |       |    92 |    34 |   146 ||   272
       Plate armour      |       |    36 |   108 |       ||   144
       Swamp dragon scal |       |       |       |    89 ||    89
Dodge: Dodged            |    51 |    90 |    64 |   123 ||   328
Block: Buckler           |    23 |    66 |   192 |   201 ||   482
       Reflection        |       |       |     2 |    17 ||    19
       Kite shield       |       |       |       |   162 ||   162
